 Dungeon Crawl Stone Soup version 0.28-a0-1505-g8c907de6ad (webtiles) character file.

Game seed: 5116293294157154231

196 wakim the Skirmisher (level 5, -3/44 HPs)
             Began as a Palentonga Fighter on Jan 13, 2022.
             Succumbed to Crazy Yiuf's poison
             ... on level 3 of the Dungeon.
             The game lasted 00:13:46 (3446 turns).

wakim the Skirmisher (Palentonga Fighter)           Turns: 3446, Time: 00:13:47

Health: -3/44      AC: 12    Str: 22    XL:     5   Next: 46%
Magic:  5/5        EV:  7    Int:  8    God:
Gold:   148        SH:  4    Dex:  9    Spells: 4/4 levels left

rFire   x . .      SeeInvis +   a - +5 hand axe of Qessaef {vorpal, rPois rF- rN++ Will+}
rCold   . . .      Faith    .   c - +0 buckler
rNeg    + + .      Spirit   .   Z - +0 scale mail
rPois   +          Reflect  .   Y - +0 helmet
rElec   .          Harm     .   (no cloak)
rCorr   .          Rampage  .   (no gloves)
Will    +....                   (no barding)
Stlth   ..........              (no amulet)
HPRegen 0.14/turn               X - +4 ring of protection
MPRegen 0.09/turn               (no ring)

@: lethally poisoned (-3 -> -15)
A: large, rugged brown scales 3, see invisible, deformed body, roll 1, armoured
tail
a: Rolling Charge


You were on level 3 of the Dungeon.
You visited 1 branch of the dungeon, and saw 3 of its levels.

You collected 148 gold pieces.

Inventory:

Hand Weapons
 a - the +5 hand axe of Qessaef (weapon) {vorpal, rPois rF- rN++ Will+}
   (You took it off a hobgoblin on level 2 of the Dungeon)

   It inflicts extra damage upon your enemies.
   rF:        It makes you vulnerable to fire.
   rPois:     It protects you from poison.
   rN:        It greatly protects you from negative energy.
   Will:      It increases your willpower.
 b - a +1 vorpal mace
Missiles
 R - 5 silver javelins
 S - 6 curare-tipped darts {=f}
Armour
 c - a +0 buckler (worn)
 W - a +0 tower shield
 Y - a +0 helmet (worn)
 Z - a +0 scale mail (worn)
Jewellery
 X - a +4 ring of protection (left hand)
Wands
 w - a wand of acid (6)
Scrolls
 T - 2 scrolls of teleportation
Potions
 M - a potion of mutation {!q}
 N - 2 potions of might
 V - 2 potions of curing {unknown}


   Skills:
 + Level 4.1 Fighting
 + Level 1.7(2.8) Axes
 - Level 3.5(3.7) Maces & Flails
 + Level 3.3 Armour
 - Level 2.4 Shields


You had 4 spell levels left.
You didn't know any spells.
Your spell library contained the following spells:

 Spells                   Type           Power      Damage    Failure   Level
 Magic Dart               Conj           0%         1d3       80%         1
 Searing Ray              Conj           0%         2d4       91%         2
 Sublimation of Blood     Necr           0%         N/A       91%         2
 Wereblood                Tmut           0%         N/A       91%         2
 Fulminant Prism          Conj/Hex       0%         3d6       100%        4
 Summon Hydra             Summ           0%         N/A       100%        7


Dungeon Overview and Level Annotations

Branches:
Dungeon (3/15)

Altars:


Innate Abilities, Weirdness & Mutations

You are completely covered in rugged brown scales. (AC +3, +7% HP)
You have supernaturally acute eyesight. (SInv)
Armour fits poorly on your strangely shaped body.
You can roll at nearby foes to attack.
You have a long armoured tail.


Message History

There is an open door here.
Things that are here:
a +0 scale mail; a +0 dagger
There is a stone staircase leading down here.
You open the door.
There is an open door here.
There is an open door here.
You see here a +0 mace.
You see here a +0 flail.
Crazy Yiuf shouts!
Crazy Yiuf twirls on the spot.
As you open the door, it creaks loudly!
Crazy Yiuf cries, "Flower canine hog!"
You slash Crazy Yiuf!
Crazy Yiuf is heavily wounded.
Crazy Yiuf hits you with a +4 quarterstaff of chaos!
Crazy Yiuf burns you!
You hit Crazy Yiuf.
Crazy Yiuf is severely wounded.
Crazy Yiuf closely misses you.
You closely miss Crazy Yiuf.
Crazy Yiuf is severely wounded.
Crazy Yiuf hits you with a +4 quarterstaff of chaos.
* * * LOW HITPOINT WARNING * * *
You hit Crazy Yiuf.
Your tail-slap misses Crazy Yiuf.
Crazy Yiuf is almost dead.
Crazy Yiuf hits you with a +4 quarterstaff of chaos.
* * * LOW HITPOINT WARNING * * *
Crazy Yiuf hits you with a +4 quarterstaff of chaos.
* * * LOW HITPOINT WARNING * * *
Crazy Yiuf burns you.
* * * LOW HITPOINT WARNING * * *
You barely miss Crazy Yiuf.
Crazy Yiuf is almost dead.
Crazy Yiuf hits you with a +4 quarterstaff of chaos!
* * * LOW HITPOINT WARNING * * *
You are lethally poisoned!
You hit Crazy Yiuf.
You kill Crazy Yiuf!
You die...

...................<# #.#.#
##.#.##.............####.#.#
...#...................[.#.#
####.##..#################.##
.........# #...# .....##..#
#.### ####.#...# ###**
♣♣##..# ####.#...# #)..#♣♣
♣♣P.#).# .........#
#...)@♣♣♣♣.)....# ####.#.###
#...#♣..♣.PP...## .........#
###**♣♣♣.♣...### ####.#..##
♣♣♣♣♣## .....#...#
....<....######
.....#........########
.....#...............#
.....#...............#


There were no monsters in sight!

Vanquished Creatures
  A water moccasin (D:3)
  Crazy Yiuf (D:3)
  Ijyb (D:3)
  An adder (D:2)
  2 worms
  3 endoplasms
  5 giant cockroaches
  3 goblins
  3 hobgoblins
  7 jackals
  3 quokkas
  6 ball pythons
  A bat (D:2)
  5 frilled lizards
  A kobold (D:1)
  4 rats
47 creatures vanquished.

Vanquished Creatures (others)
  A fungus (D:1)
1 creature vanquished.

Grand Total: 48 creatures vanquished

Notes
Turn   | Place    | Note
-------+----------+-------------------------------------------
     0 | D:1      | wakim the Palentonga Fighter began the quest for the Orb.
     0 | D:1      | Reached XP level 1. HP: 19/19 MP: 1/1
   254 | D:1      | Reached XP level 2. HP: 21/25 MP: 2/2
   509 | D:1      | Found a faded altar of an unknown god.
   660 | D:1      | !bestwep
   948 | D:2      | Reached XP level 3. HP: 17/31 MP: 3/3
  1195 | D:2      | Identified the +1 leather armour of the Sun {Contam Harm
                  | SInv}
  2191 | D:3      | !bestwep
  2196 | D:3      | Found a runed translucent door.
  2197 | D:3      | Noticed Crazy Yiuf
  2289 | D:3      | Noticed Ijyb
  2310 | D:3      | Killed Ijyb
  2311 | D:3      | Reached XP level 4. HP: 6/37 MP: 4/4
  2591 | D:3      | Identified the +5 hand axe of Qessaef {vorpal, rPois rF-
                  | rN++ Will+}
  2594 | D:3      | Noticed a water moccasin
  2608 | D:2      | !bestwep
  3138 | D:3      | Killed a water moccasin
  3139 | D:3      | Reached skill level 4 in Fighting
  3139 | D:3      | Reached skill level 1 in Axes
  3139 | D:3      | Reached XP level 5. HP: 35/44 MP: 5/5
  3445 | D:3      | HP: 1/44 [Crazy Yiuf (13)]
  3446 | D:3      | Killed Crazy Yiuf
  3446 | D:3      | Succumbed to Crazy Yiuf's poison

Illustrated notes

####### #.....# ..
#.....# #####
....#.....# ....#
.........)### ....#
............############
....+
........#.#...........>#
....#
........#@#.####.#######
†...# ........#.#.# #.#
##'## #####...#.#.# #.#
#.# #...#.#.# #.# ##.#
###.....# #.# .#.#
#.^.### #.####### .#.#
#...# #.......# .#.#
#...# #######.# .#.#
#...# #.#


Turn 660 on D:1: !bestwep ,,,,,,,,,,,,,<* *,#.# *,,,,,,,,,,,,,****,#.#
,,,,,,,,,,,,,,,,,,,#.# *,,***************##.## ,,,* #...# *,,* #.### ,,,* *****
♣♣##..# ,,,* *,,,*** ♣♣P.#).# ,,,* *,,,+,***♣.@....# ,*** *,,,**,,♣.PP...## ,,,*
*******♣.♣...### ,,** ♣*♣♣♣## ,,,* ,,,****** ,,,,,,,,******** ,,,,,,,,,,,,,,,*
,,,,,,,,,,,,,,,* Turn 2191 on D:3: !bestwep ############### ..............###
#############.#.# #.#.# #.#.# #.#.# #############.#.### ................@>#
###.###.......#.#.# #.###.....#.#.#.##### #.##........#.#.....#
###.##..........#..##.# ................#..##.###
##.###..........#..##.#.######## #.# #..........#.###.#........#
##.###................#.#####.## Turn 2608 on D:2: !bestwep

Levels and vault maps discovered:
D:1:      evilmike_arrival_crescent, layout_basic,
          shapermc_ecumenical_altar_ellora, minmay_pentomino_o2
D:2:      layout_basic, nicolae_elevator_lobby_plus
D:3:      layout_basic, minmay_between, uniq_ijyb, uniq_crazy_yiuf_cottage

Skill      XL: |  1  2  3  4 |
---------------+-------------+-----
Maces & Flails | 3 |  3.5
Fighting       | 4 |  4.1
Axes           | 1 |  1.7
Armour         | 3 |  3.3
Shields        | |  2.4

Action                   |  1- 3 |  4- 6 || total
-------------------------+-------+-------++-------
Melee: Flail             |    98 |       ||    98
       Tailslap          |     4 |     3 ||     7
       Mace              |     5 |     9 ||    14
       Hand axe          |       |    21 ||    21
 Abil: Rolling Charge    |    26 |     2 ||    28
  Use: Scroll            |     5 |       ||     5
Armor: Scale mail        |    45 |    11 ||    56
Dodge: Dodged            |    40 |    10 ||    50
Block: Buckler           |     9 |    11 ||    20

Table legend: (Time is in decaauts)
 A = Elapsed time spent in this place.
 B = Non-inter-level travel time spent in this place.
 C = Inter-level travel time spent in this place.
 D = Time resting spent in this place.
 E = Time spent auto-exploring this place.
 F = Levels seen in this place.
 G = Mean time per level.
                   A        B        C        D        E       F      G
               +--------+--------+--------+--------+--------+-----+--------+
         Total |   3485 |   3251 |    234 |    408 |   1849 |   3 | 1161.7 |
       Dungeon |   3485 |   3251 |    234 |    408 |   1849 |   3 | 1161.7 |
               +--------+--------+--------+--------+--------+-----+--------+

Top non-repeatable levels by time:
     D:2: 1363 daAuts
     D:3: 1268 daAuts
     D:1: 854 daAuts
